AoeStats
← w32.disttrack

MegaRandom

509436682Analyzed
4v4 RM · 5d ago on Sep 26, 2026· 43m 51s· 8 players
Game mode
Random Map
Map size
Large (8 player)
Population
200
Speed
Normal
Resources
Standard
Victory
Conquest
Starting age
Dark Age
Ending age
Imperial Age
RankedLock teamsTeams togetherTeam positionsShared explorationLock speedFull tech treeHidden civsTurbo modeCheats
Victory
Defeat
🇹🇷 Cumans · Türkiye
1005
+14
🇮🇹 Danes · Italy
1000
+15
🇪🇸 Lithuanians · Spain
970
+16
🇩🇪 Georgians · Germany
928
+18
🇦🇷 Turks · Argentina
1016
-18
🇦🇷 Britons · Argentina
977
-16
🇨🇦 Hindustanis · Canada
959
-15
🇦🇷 Aztecs · Argentina
916
-14
Bertinos
11:40 Feudal Age
VoicedChart8909
0:38 Loom
Anarşik
0:38 Loom
13:03 Feudal Age
15:44 Bloodlines
16:12 Wheelbarrow
16:44 Scale Barding Armor
16:50 Forging
26:19 Castle Age
24:52 Horse Collar
25:16 Scale Mail Armor
25:40 Man-at-Arms
26:17 Double-Bit Axe
26:51 Gold Mining
26:27 Long Swordsman
29:33 Capped Ram
31:18 Chain Mail Armor
31:36 Heavy Plow
33:15 Iron Casting
33:18 Gold Mining
34:58 Bow Saw
35:58 Squires
36:15 Pikeman
42:42 Hand Cart
w32.disttrack
1:03 Loom
dwalte011
0:33 Loom
LUKITAH
10:23 Feudal Age
10:58 Double-Bit Axe
15:08 Loom
16:45 Fletching
20:02 Castle Age
22:22 Scale Mail Armor
27:21 Crossbowman
27:59 Bodkin Arrow
27:58 Pikeman
29:29 Ballistics
35:13 Husbandry
41:05 Forging
hernansl
11:06 Feudal Age
[TodEs H] Ovejita Eléctrica
0:48 Loom
Connection lost

Rejoining the realm…

Still unreachable

The connection could not be restored.

Session expired

The server has moved on; the page needs a fresh start.